 Dungeon Crawl Stone Soup version 0.30-a0-57-g8b159a9891 (webtiles) character file.

Game seed: 15524797391168072645

43 Malachi the Sneak (level 3, 0/27 HPs)
             Began as a Demonspawn Brigand on Sept 12, 2022.
             Slain by an iguana (6 damage)
             ... on level 2 of the Dungeon.
             The game lasted 00:01:47 (2074 turns).

Malachi the Sneak (Demonspawn Brigand)              Turns: 2074, Time: 00:01:48

Health: 0/27       AC:  3    Str: 19    XL:     3   Next: 37%
Magic:  3/3        EV: 11    Int: 12    God:
Gold:   96         SH:  0    Dex: 14    Spells: 2/2 levels left

rFire   . . .      SeeInvis +      - Unarmed
rCold   . . .      Faith    .    (no shield)
rNeg    . . .      Spirit   .    b - +0 robe
rPois   .          Reflect  .    (no helmet)
rElec   .          Harm     .    c - +0 cloak
rCorr   .          Rampage  .    (no gloves)
Will    .....                    (no boots)
Stlth   +.........               (no amulet)
HPRegen 0.09/turn                f - +6 ring of strength
MPRegen 0.08/turn                l - ring of see invisible

@: confused, ambrosia-drunk
A: claws 1
a: no special abilities


You were on level 2 of the Dungeon.
You visited 1 branch of the dungeon, and saw 2 of its levels.

You collected 96 gold pieces.

Inventory:

Hand Weapons
 a - a +2 dagger
Missiles
 d - 12 poisoned darts (quivered)
 e - 3 curare-tipped darts
 i - a throwing net
Armour
 b - a +0 robe (worn)
 c - a +0 cloak (worn)
Magical Staves
 r - a staff of cold
Jewellery
 f - a +6 ring of strength (left claw)
 l - a ring of see invisible (right claw)
 m - a ring of wizardry
Scrolls
 g - 2 scrolls of noise {unknown}
 h - a scroll of enchant armour {unknown}
 j - 2 scrolls of identify {unknown}
 k - a scroll of blinking {unknown}
 n - a scroll of amnesia {unknown}
 s - a scroll of fear {unknown}
 t - a scroll of summoning {unknown}
 u - a scroll of teleportation {unknown}
Potions
 p - a potion of mutation {unknown}
 q - a potion of degeneration {unknown}


   Skills:
 - Level 2.0 Fighting
 - Level 2.8 Short Blades
 - Level 1.7 Throwing
 - Level 0.8 Dodging
 - Level 3.6 Stealth
 + Level 1.8 Unarmed Combat


You had 2 spell levels left.
You didn't know any spells.
Your spell library was empty.

Dungeon Overview and Level Annotations

Branches:
Dungeon (2/15)

Altars:
Sif Muna


Innate Abilities, Weirdness & Mutations

You have sharp fingernails.


Message History

You scratch the dart slug but do no damage.
The dart slug is moderately wounded.
The dart slug barely misses you.
You scratch the dart slug.
The dart slug is severely wounded.
You scratch the dart slug.
You kill the dart slug!
No target in view!
No target in view!
No target in view!
No target in view!
No target in view!
Found a stone staircase leading up.
An iguana comes into view.
An iguana is nearby!
The iguana hisses angrily.
The iguana closely misses you.
You completely miss the iguana. The iguana bites you.
You scratch the iguana.
The iguana is lightly wounded.
The iguana bites you!
You scratch the iguana.
The iguana is moderately wounded.
The iguana barely misses you.
You scratch the iguana.
The iguana is heavily wounded.
The iguana misses you.
You closely miss the iguana.
The iguana is heavily wounded.
The iguana closely misses you.
You scratch the iguana.
The iguana is severely wounded.
The iguana bites you!
* * * LOW HITPOINT WARNING * * *
You are too injured to fight recklessly!
You are too injured to fight recklessly!
It was a potion of ambrosia.
You are confused.
You feel invigorated. The iguana bites you.
You die...

###### #......# #.....
######.# #..... ..# #.#
#.....##.# #.# .....
#......#.# #.# ....
#......#.# #.# #...
#......#.####.# #...
#.............# #...
#.....@#.###########...
##.<..l#...........#...
#.#############.###...
# ...................
########.....######
#.##### #.# #.# #)#


You could see an iguana.

Vanquished Creatures
  3 dart slugs
  3 ball pythons
  2 endoplasms
  2 giant cockroaches (D:1)
  4 goblins (D:2)
  3 hobgoblins
  4 jackals (D:2)
  3 kobolds
  6 bats
  2 rats (D:2)
32 creatures vanquished.

Notes
Turn   | Place    | Note
-------+----------+-------------------------------------------
     0 | D:1      | Malachi the Demonspawn Brigand began the quest for the Orb.
     0 | D:1      | Reached XP level 1. HP: 16/16 MP: 1/1
   313 | D:1      | Gained mutation: You have sharp fingernails. [demonic
                  | ancestry]
   313 | D:1      | Reached XP level 2. HP: 17/22 MP: 2/2
  1167 | D:2      | Found a shimmering blue altar of Sif Muna.
  1202 | D:2      | Reached skill level 1 in Unarmed Combat
  1391 | D:2      | Reached XP level 3. HP: 15/27 MP: 3/3
  2074 | D:2      | Slain by an iguana

Illustrated notes

Levels and vault maps discovered:
D:1:      spicycebolla_arrival_ecumenical, layout_loops_ring, minmay_hedge_maze,
          chequers_serial_rivers_small_b
D:2:      layout_basic, basic_altar

Skill      XL: |  1  2 |
---------------+-------+-----
Short Blades   | 2 |  2.8
Unarmed Combat | 1 |  1.8
Fighting       | |  2.0
Throwing       | |  1.7
Dodging        | |  0.8
Stealth        | |  3.6

Action                   || total
-------------------------++-------
Melee: Dagger            ||    36
       Unarmed           ||    90
       Punch             ||     2
  Use: Potion            ||     1
 Stab: Sleeping          ||     6
Armor: Robe              ||    47
Dodge: Dodged            ||    99

Table legend: (Time is in decaauts)
 A = Elapsed time spent in this place.
 B = Non-inter-level travel time spent in this place.
 C = Inter-level travel time spent in this place.
 D = Time resting spent in this place.
 E = Time spent auto-exploring this place.
 F = Levels seen in this place.
 G = Mean time per level.
                   A        B        C        D        E       F      G
               +--------+--------+--------+--------+--------+-----+--------+
         Total |   2068 |   2018 |     50 |    285 |   1436 |   2 | 1034.0 |
       Dungeon |   2068 |   2018 |     50 |    285 |   1436 |   2 | 1034.0 |
               +--------+--------+--------+--------+--------+-----+--------+

Top non-repeatable levels by time:
     D:2: 1232 daAuts
     D:1: 835 daAuts
